 Dungeon Crawl Stone Soup version 0.30-a0-748-ge6a52f7cba (webtiles) character file.

Game seed: 12879610488735595294

9360 karrick the Cleaver (level 11, -5/71 HPs)
             Began as a Gargoyle Fighter on Feb 9, 2023.
             Was a Believer of Okawaru.
             Slain by a troll (8 damage)
             ... on level 10 of the Dungeon.
             The game lasted 00:12:32 (7889 turns).

karrick the Cleaver (Gargoyle Fighter)              Turns: 7889, Time: 00:12:32

Health: -5/71      AC: 23    Str: 20    XL:     11   Next: 45%
Magic:  11/11      EV: 10    Int:  9    God:    Okawaru [**....]
Gold:   631        SH:  7    Dex: 19    Spells: 10/10 levels left

rFire   + . .      SeeInvis .    J - +1 hand axe (elec)
rCold   . . .      Faith    .    c - +0 buckler
rNeg    + . .      Spirit   .    p - +1 ring mail {rF+}
rPois   ∞          Reflect  .    i - +0 helmet
rElec   +          Harm     .    f - +2 cloak
rCorr   .          Rampage  .    g - +2 pair of gloves
Will    +....                    (no boots)
Stlth   ++                       x - amulet of regeneration
HPRegen 1.11/turn                v - +6 ring of dexterity
MPRegen 0.12/turn                E - ring of willpower

@: no status effects
A: sickness immunity, AC +8, negative energy resistance 1, electricity
resistance, torment resistance 1, petrification resistance
a: Renounce Religion, Heroism


You were on level 10 of the Dungeon.
You worshipped Okawaru.
Okawaru was pleased with you.
You visited 2 branches of the dungeon, and saw 11 of its levels.

You collected 686 gold pieces.
You spent 55 gold pieces at shops.

Inventory:

Hand Weapons
 a - a +0 war axe
 J - a +1 hand axe of electrocution (weapon)
Missiles
 G - a throwing net (quivered)
 K - 8 boomerangs
Armour
 b - a +0 scale mail
 c - a +0 buckler (worn)
 f - a +2 cloak (worn)
 g - a +2 pair of gloves (worn)
 i - a +0 helmet (worn)
 p - a +1 ring mail of fire resistance (worn)
Jewellery
 r - an amulet of faith
 u - an amulet of reflection
 v - a +6 ring of dexterity (left hand)
 x - an amulet of regeneration (around neck)
 z - a ring of flight
 E - a ring of willpower (right hand)
 N - a +4 ring of protection
 O - a +4 ring of slaying
Wands
 F - a wand of light (18)
 H - a wand of roots (7)
Scrolls
 d - a scroll of enchant weapon {unknown}
 h - 5 scrolls of vulnerability
 l - a scroll of torment {unknown}
 m - 11 scrolls of identify
 o - a scroll of brand weapon {unknown}
 q - a scroll of fear {unknown}
 w - 2 scrolls of amnesia {unknown}
 y - 2 scrolls of magic mapping
 B - 2 scrolls of fog {unknown}
 D - 2 scrolls of poison {unknown}
 M - 2 scrolls of blinking {unknown}
Potions
 j - 3 potions of degeneration {unknown}
 k - a potion of attraction {unknown}
 n - 2 potions of invisibility {unknown}
 s - a potion of flight {unknown}
 t - a potion of lignification {unknown}
 C - 2 potions of berserk rage {unknown}
 I - a potion of cancellation {unknown}
 L - a potion of magic {unknown}
 P - a potion of resistance {unknown}


   Skills:
 + Level 9.2 Fighting
 + Level 11.4 Axes
 + Level 7.0 Armour
 + Level 4.7 Stealth
 + Level 8.5 Shields


You had 10 spell levels left.
You didn't know any spells.
Your spell library contained the following spells:

 Spells                   Type           Power      Damage    Failure   Level
 Blink                    Tloc           0%         N/A       75%         2
 Lesser Beckoning         Tloc           0%         N/A       75%         2
 Momentum Strike          Conj/Tloc      0%         3d8       75%         2
 Gell's Gravitas          Tloc           0%         N/A       93%         3
 Teleport Other           Tloc           0%         N/A       93%         3
 Dispel Undead            Necr           0%         3d6       100%        4
 Petrify                  Tmut/Erth      0%         N/A       100%        4
 Metabolic Englaciation   Hex/Ice        0%         N/A       100%        5
 Dispersal                Tloc           0%         N/A       100%        6
 Cigotuvi's Dreadful Rot  Necr/Pois/Air  Unusable   N/A       N/A         2
 Death Channel            Necr           Unusable   N/A       N/A         6
 Statue Form              Tmut/Erth      Unusable   N/A       N/A         6

Dungeon Overview and Level Annotations

Branches:
Dungeon (10/15)            Temple (1/1) D:6
   Lair: D:8-11         Orc: D:9-12

Altars:
Ashenzari
Cheibriados
Dithmenos
Elyvilon
Fedhas
Gozag
Hepliaklqana
Kikubaaqudgha
Makhleb
Nemelex Xobeh
Okawaru
Qazlal
Ru
Sif Muna
Trog
Uskayaw
Vehumet
Wu Jian
Xom
Yredelemnul
Zin
The Shining One

Shops:
D:9 !:

Annotations:
D:6 3 runed translucent doors, superbruh's ghost, novice GrFi


Innate Abilities, Weirdness & Mutations

You are immune to sickness and miasma.
Your stone body is resilient. (AC +8)
You are immune to poison.
You resist negative energy. (rN+)
You are resistant to electric shocks. (rElec)
You are resistant to unholy torment.
You are immune to petrification.


Message History

You block the troll's attack.
You closely miss the troll.
The troll is lightly wounded.
You closely miss the troll.
The troll is lightly wounded.
The troll bites you but does no damage. The troll claws you!
* * * LOW HITPOINT WARNING * * *
The troll closely misses you.
You feel much better. The troll bites you but does no damage.
The troll closely misses you. The troll barely misses you.
You feel better. The troll bites you!
* * * LOW HITPOINT WARNING * * *
The troll claws you.
* * * LOW HITPOINT WARNING * * *
The troll claws you but does no damage.
You feel better. The troll bites you.
* * * LOW HITPOINT WARNING * * *
The troll claws you but does no damage. The troll barely misses you.
You hit the troll.
The troll is lightly wounded.
You block the troll's attack. The troll claws you.
* * * LOW HITPOINT WARNING * * *
The troll claws you.
* * * LOW HITPOINT WARNING * * *
You barely miss the troll.
The troll is lightly wounded.
You block the troll's attack. The troll barely misses you. The troll claws you.
* * * LOW HITPOINT WARNING * * *
You hit the troll.
The troll is moderately wounded.
You barely miss the troll.
The troll is moderately wounded.
You block the troll's attack. The troll claws you.
* * * LOW HITPOINT WARNING * * *
The troll claws you.
* * * LOW HITPOINT WARNING * * *
You barely miss the troll.
The troll is moderately wounded.
The troll bites you!
You die...

#.##....#..[..*,,,,,,*,,,,
#.###...#,###.*,***,,*,,,,
########.# #...#.....*,,,,,,*,,,,
......##.# #.[....#,,,,,*,,,,,,,,
#.###.##.# #..###.#,***,*,,,,,,,,
.#.##.##.# #...[..#,,,,,*,,,,,,,,
#.###.##.# #.(.#.....*,,,,,,,,,,,
#........# #...#.###!#,***,,,,,>,
#####.#### #...#@.$..#,,,,,,,,,,,
......# #..)T..#..:..*,,,,,***
####### ##..###.#,*##.*,,,,,*
##.......#,,,,,*,,,,,*
#..#........*,,,,,,,,*
#######.###...###.*,***,,,,* ##
#.......# *#.....,*,,,,,,*,* .#
#.......#***.....,,,,*,,,*,***
.###.......#*,,.....#**,*,,,,,,,,


You could see a troll.

Vanquished Creatures
  A centaur warrior (D:10)
  A two-headed ogre (D:10)
  A gargoyle (D:6)
  2 trolls (D:10)
  A queen bee (D:9)
  Prince Ribbit (D:7)
  Eustachio (D:5)
  11 yaks
  A vampire (D:10)
  Grum (D:8)
  2 steam dragons (D:9)
  Menkaure (D:4)
  5 water moccasins
  An orc warrior (D:9)
  A sky beast (D:7)
  An ice beast (D:6)
  An ogre (D:4)
  3 wolves (D:8)
  3 centaurs
  A kobold brigand (D:9)
  A phantom (D:5)
  8 bullfrogs
  2 scorpions
  4 wights (D:8)
  20 killer bees
  2 gnoll boudas (D:6)
  16 orc priests
  An iron imp (D:3)
  4 hounds
  A jelly (D:6)
  Crazy Yiuf (D:3)
  7 orc wizards
  4 iguanas
  A hell rat (D:7)
  6 adders
  17 gnolls
  8 river rats (D:7)
  2 shadow imps
  2 white imps
  3 worms
  3 dart slugs
  27 orcs
  10 ball pythons
  6 bats
  8 endoplasms
  6 giant cockroaches
  7 hobgoblins
  4 jackals (D:2)
  8 quokkas
  7 frilled lizards
  7 goblins
  12 kobolds
  29 rats
284 creatures vanquished.

Vanquished Creatures (others)
  38 plants
38 creatures vanquished.

Grand Total: 322 creatures vanquished

Notes
Turn   | Place    | Note
-------+----------+-------------------------------------------
     0 | D:1      | karrick the Gargoyle Fighter began the quest for the Orb.
     0 | D:1      | Reached XP level 1. HP: 14/14 MP: 1/1
   192 | D:1      | Reached XP level 2. HP: 19/19 MP: 2/2
   301 | D:1      | Reached skill level 2 in Axes
   369 | D:1      | Reached XP level 3. HP: 24/24 MP: 3/3
  1018 | D:2      | Reached XP level 4. HP: 27/29 MP: 4/4
  1443 | D:3      | Found a runed translucent door.
  1444 | D:3      | Noticed Crazy Yiuf
  1700 | D:3      | Found a white marble altar of Elyvilon.
  1730 | D:3      | Found a snail-covered altar of Cheibriados.
  1742 | D:3      | Reached skill level 3 in Axes
  1742 | D:3      | Reached XP level 5. HP: 27/34 MP: 5/5
  2209 | D:3      | Killed Crazy Yiuf
  2306 | D:4      | Reached XP level 6. HP: 26/39 MP: 6/6
  2316 | D:4      | Reached skill level 4 in Axes
  2659 | D:4      | Found an opulent altar of Gozag.
  2834 | D:4      | Noticed Menkaure
  2844 | D:4      | Killed Menkaure
  2845 | D:4      | Reached skill level 5 in Axes
  2845 | D:4      | Reached XP level 7. HP: 24/44 MP: 7/7
  2967 | D:5      | Entered Level 5 of the Dungeon
  3060 | D:5      | Reached skill level 1 in Stealth
  3352 | D:5      | Noticed Eustachio
  3461 | D:5      | Reached skill level 6 in Axes
  3461 | D:5      | Reached XP level 8. HP: 38/48 MP: 8/8
  3585 | D:5      | Reached skill level 5 in Fighting
  3854 | D:5      | Killed Eustachio
  3855 | D:5      | Reached skill level 5 in Shields
  3878 | D:6      | Noticed superbruh's ghost (novice GrFi)
  3883 | D:6      | Noticed a troll
  3900 | D:6      | Reached skill level 5 in Armour
  3920 | D:7      | Reached skill level 7 in Axes
  3994 | D:7      | Noticed Prince Ribbit
  4018 | D:7      | Killed Prince Ribbit
  4019 | D:7      | Reached skill level 8 in Axes
  4019 | D:7      | Reached XP level 9. HP: 47/55 MP: 9/9
  4132 | D:7      | Noticed a gargoyle
  4189 | D:6      | Found a runed translucent gate.
  4189 | D:6      | Found a runed translucent gate.
  4189 | D:6      | Found a runed translucent gate.
  4236 | D:6      | Found a shimmering blue altar of Sif Muna.
  4483 | D:6      | Found a shimmering altar of Xom.
  4522 | D:6      | Reached skill level 9 in Axes
  4525 | D:6      | Found a staircase to the Ecumenical Temple.
  4580 | Temple   | Entered the Ecumenical Temple
  4691 | D:6      | Found a bloodstained altar of Trog.
  5051 | D:7      | Reached XP level 10. HP: 61/61 MP: 10/10
  5119 | D:7      | Found a sparkling altar of Nemelex Xobeh.
  5237 | D:7      | HP: 1/61 [orc priest/divine providence (12)]
  5611 | D:6      | HP: 2/63 [gargoyle/stone arrow (7)]
  5613 | D:6      | Killed a gargoyle
  5614 | D:6      | Reached skill level 10 in Axes
  5955 | D:8      | Found a sacrificial altar of Ru.
  6021 | D:8      | Noticed Grum
  6115 | D:8      | Killed Grum
  6503 | D:9      | Identified the +7 trident "Facrod" {spect, Fragile rF++ rN+
                  | rCorr}
  6683 | D:9      | Found a shadowy altar of Dithmenos.
  6716 | D:9      | Found Tidghe's Book Boutique.
  6776 | D:9      | Found an iron altar of Okawaru.
  6776 | D:9      | Found a radiant altar of Vehumet.
  6784 | D:9      | Became a worshipper of Warmaster Okawaru
  6880 | D:9      | Found Munafuge's Distillery.
  6922 | D:9      | Bought a potion of heal wounds for 55 gold pieces
  7197 | D:9      | Reached * piety under Okawaru
  7200 | D:9      | Reached skill level 11 in Axes
  7205 | D:9      | HP: 2/64 [killer bee (8)]
  7211 | D:9      | Reached XP level 11. HP: 25/68 MP: 11/11
  7382 | D:10     | Entered Level 10 of the Dungeon
  7396 | D:10     | Noticed a centaur warrior
  7398 | D:10     | Noticed a two-headed ogre
  7399 | D:10     | Noticed a centaur warrior
  7558 | D:10     | Killed a centaur warrior
  7558 | D:10     | Reached ** piety under Okawaru
  7857 | D:10     | Killed a two-headed ogre
  7881 | D:10     | HP: 2/71 [troll (8)]
  7888 | D:10     | HP: 2/71 [troll (4)]
  7889 | D:10     | Slain by a troll

Illustrated notes

Levels and vault maps discovered:
D:1:      giann_bridges, layout_loops_ring, minmay_tree_intersection
D:2:      layout_loops_ring, minmay_small_reverse_x
D:3:      minmay_inner_zag, layout_rooms, slow_altar_1, elyvilon_altar_1,
          minmay_misc_feat_x, kennysheep_generic_room_10,
          uniq_crazy_yiuf_cottage
D:4:      layout_loops_ring, grunt_gozag_statues, uniq_menkaure
D:5:      layout_loops_corners, serial_bayou, serial_bayou_pond_c,
          serial_bayou_shore_a, serial_bayou_pond_a, serial_bayou_pond_c,
          serial_bayou_ford_a, uniq_eustachio
D:6:      layout_basic, mainiacjoe_overflow_paths, mainiacjoe_overflow_chevrons,
          lemuel_tele_altar, minmay_temple_entry_glassed_door,
          gammafunk_ghost_split, kennysheep_generic_room_12
D:7:      lemuel_ratsnest, layout_rooms, nemelex_spade_bored_becter,
          uniq_prince_ribbit1
D:8:      layout_basic, kennysheep_mini_moat, uniq_grum
D:9:      layout_gridville, amcnicky_altar_gilded,
          chequers_temple_overflow_statue_of_worship, serial_shops,
          nicolae_shop_advertising_works [nicolae_subvault_shop_adworks],
          shop_fountains, nicolae_looking_at_the_future
D:10:     hangedman_cross_stitches, layout_loops_corners
Temple:   minmay_freezing_vapour_temple

Skill      XL: |  1  2  3  4  5  6  7  8  9 10 11 |
---------------+----------------------------------+-----
Axes           | 2 3 5 6 8 9 11 | 11.4
Fighting       | 4 5 6 7 9 |  9.2
Armour         | 4 5 6 7 |  7.0
Shields        | 4 5 6 7 8 |  8.5
Stealth        | 1 3 4 |  4.7

Action                     |  1- 3 |  4- 6 |  7- 9 | 10-12 || total
---------------------------+-------+-------+-------+-------++-------
  Melee: War axe           |   140 |   162 |    83 |       ||   385
         Hand axe          |       |       |   246 |   442 ||   688
 Invoke: Heroism           |       |       |       |     2 ||     2
    Use: Potion            |       |     5 |     2 |    10 ||    17
         Scroll            |       |       |     2 |     4 ||     6
   Stab: Sleeping          |       |     1 |     4 |     6 ||    11
 Armour: Scale mail        |    55 |       |       |       ||    55
         Ring mail         |    27 |    57 |   164 |   285 ||   533
  Dodge: Dodged            |    80 |    58 |   135 |   226 ||   499
  Block: Buckler           |    33 |    52 |    86 |   160 ||   331
         Reflection        |       |     2 |       |       ||     2

Table legend: (Time is in decaauts)
 A = Elapsed time spent in this place.
 B = Non-inter-level travel time spent in this place.
 C = Inter-level travel time spent in this place.
 D = Time resting spent in this place.
 E = Time spent auto-exploring this place.
 F = Levels seen in this place.
 G = Mean time per level.
                   A        B        C        D        E       F      G
               +--------+--------+--------+--------+--------+-----+--------+
         Total |   7943 |   7716 |    227 |     76 |   5622 |  11 |  722.1 |
       Dungeon |   7927 |   7704 |    223 |     76 |   5612 |  10 |  792.7 |
        Temple |     15 |     11 |      4 |      0 |     10 |   1 |   15.0 |
               +--------+--------+--------+--------+--------+-----+--------+

Top non-repeatable levels by time:
     D:6: 955 daAuts
     D:9: 951 daAuts
     D:5: 944 daAuts
     D:3: 881 daAuts
     D:7: 871 daAuts
     D:4: 748 daAuts
     D:1: 739 daAuts
     D:2: 716 daAuts
     D:8: 660 daAuts
    D:10: 458 daAuts
  Temple: 15 daAuts
